 Dungeon Crawl Stone Soup version 0.25.0-46-gbd7b0854d2 (webtiles) character file.

Game seed: 6526349244637395400

12252 Gwenloh the Cleaver (level 11, -5/101 HPs)
             Began as a Minotaur Berserker on July 16, 2020.
             Was a High Priest of Trog.
             Killed from afar by a molten gargoyle (18 damage)
             ... with a bolt of magma
             ... in a volcano on July 17, 2020.
             The game lasted 00:35:34 (8932 turns).

Gwenloh the Cleaver (Minotaur Berserker)            Turns: 8932, Time: 00:35:35

Health: -5/101     AC: 11    Str: 28    XL:     11   Next: 60%
Magic:  10/10      EV: 17    Int:  4    God:    Trog [*****.]
Gold:   184        SH:  0    Dex: 13    Spells: 10/10 levels left

rFire    . . .     SeeInvis .   a - +1 broad axe (flame)
rCold    . . .     Gourm    .   (no shield)
rNeg     . . .     Faith    .   d - +0 chain mail
rPois    .         Spirit   .   (helmet restricted)
rElec    .         Reflect  .   (no cloak)
rCorr    .         Harm     .   (no gloves)
MR       .....                  (no boots)
Stlth    ..........             s - amulet of regeneration
HPRegen  0.66/turn              h - +4 ring of evasion
MPRegen  0.12/turn              v - +6 ring of strength

@: drained
A: retaliatory headbutt, horns 2
a: Berserk, Trog's Hand, Brothers in Arms, Renounce Religion


You were in a volcano.
You worshipped Trog.
Trog was extremely pleased with you.
You were hungry.

You visited 2 branches of the dungeon, and saw 10 of its levels.
You also visited: Sewer and Volcano.

You collected 447 gold pieces.
You spent 263 gold pieces at shops.

Inventory:

Hand Weapons
 a - a +1 broad axe of flaming (weapon)
 b - a +0 shortbow
 D - a +0 hunting sling
Missiles
 g - 142 stones (quivered)
 m - 94 arrows
 n - 95 bolts
 u - 49 poisoned darts
 F - 2 throwing nets
 J - 38 sling bullets
Armour
 d - a +0 chain mail (worn)
 k - a +0 plate armour
Jewellery
 h - a +4 ring of evasion (left hand)
 s - an amulet of regeneration (around neck)
 v - a +6 ring of strength (right hand)
 H - a +4 ring of protection {unknown}
 L - an uncursed ring of protection from cold
Wands
 x - a wand of polymorph (12)
 E - a wand of paralysis (22)
 O - a wand of acid (13)
 Q - a wand of digging (4)
Scrolls
 l - a scroll of identify
 o - 4 scrolls of enchant armour
 p - 4 scrolls of remove curse
 B - 4 scrolls of blinking
 G - 3 scrolls of fear
 N - a scroll of teleportation
Potions
 e - 9 potions of curing
 r - 2 potions of mutation
 t - a potion of cancellation
 w - a potion of might
 z - a potion of ambrosia
 A - a potion of heal wounds
 C - 2 potions of flight
 I - 2 potions of brilliance
 M - a potion of haste {unknown}
 P - a potion of degeneration {unknown}
Miscellaneous
 f - a phial of floods
Comestibles
 c - 23 rations


   Skills:
 + Level 10.6(9.9) Fighting
 * Level 14.0(13.2) Axes
 + Level 10.2(9.5) Armour
 + Level 9.5(8.8) Dodging


You had 10 spell levels left.
You didn't know any spells.
Your spell library was empty.

Dungeon Overview and Level Annotations

Branches:
Dungeon (9/15)             Temple (0/1) D:6            Lair (1/6) D:9
  Sewer (visited)         Volcano (1/1)
    Orc: D:9-12

Altars:
Cheibriados
Dithmenos

Shops:
D:9 ?


Innate Abilities, Weirdness & Mutations

You reflexively headbutt those who attack you in melee.
You have a pair of horns on your head.


Message History

The red ugly thing engulfs you.
You are engulfed in flames!
* * * LOW HITPOINT WARNING * * *
You feel much better. The red ugly thing engulfs you!
* * * LOW HITPOINT WARNING * * *
You are engulfed in flames!
* * * LOW HITPOINT WARNING * * *
You slash the red ugly thing!
You kill the red ugly thing!
Trog accepts your kill.
Your base Axes skill increases to level 14!
You hit the molten gargoyle but do no damage.
You headbutt the molten gargoyle, but do no damage.
The molten gargoyle is moderately damaged.
The molten gargoyle blasts magma at you!
The bolt of magma misses you.
You hit the molten gargoyle.
The molten gargoyle is heavily damaged.
The molten gargoyle blasts magma at you!
The bolt of magma hits you!!
You die...

##### #...#
###8_8#######
+......@9...#
###...###...#
###'### !$$.#
#..)..# $!$.#
#..∩..# [$)##
#.....# ....
##...## #####
#### ##'##
##..### #.#


You could see a molten gargoyle.

Vanquished Creatures
  2 two-headed ogres
  Pikel (D:5)
  4 ugly things
  Joseph (D:9)
  A smoke demon (Volcano)
  A komodo dragon (Lair:1)
  A queen bee (D:9)
  A red devil (Volcano)
  4 blink frogs (Lair:1)
  2 hippogriffs (D:9)
  A spriggan (D:9)
  Sigmund (D:4)
  A wyvern (D:9)
  6 fire bats (Volcano)
  A steam dragon (D:9)
  A basilisk (D:9)
  Menkaure (D:6)
  Duvessa (D:5)
  4 slaves (D:5)
  An eye of draining (D:9)
  A phantom (D:5)
  2 sky beasts (D:8)
  A black bear (D:9)
  5 ogres
  4 centaurs
  5 crocodiles
  2 big kobolds
  3 bullfrogs
  Dowan (D:5)
  A scorpion (D:6)
  23 killer bees (D:9)
  7 electric eels (D:8)
  2 howler monkeys
  5 lava snakes (Volcano)
  2 crimson imps
  2 bullfrog zombies
  3 hounds
  A bullfrog skeleton (D:9)
  A jelly (D:9)
  3 orc priests
  A gnoll shaman (D:4)
  5 iguanas
  Natasha (thrice) (D:2)
  7 worker ants
  6 orc wizards
  A hound zombie (D:6)
  A howler monkey zombie (D:5)
  2 worker ant zombies (D:6)
  15 adders
  6 gnolls
  3 river rats
  A shadow imp (D:5)
  An ooze (D:3)
  An adder zombie (D:7)
  2 adder skeletons (D:5)
  4 worms
  3 dart slugs
  A leopard gecko (D:1)
  9 orcs
  4 giant cockroaches
  8 hobgoblins
  5 jackals
  4 quokkas
  5 bats
  5 frilled lizards
  7 goblins
  2 jackal skeletons
  12 kobolds
  A leopard gecko zombie (D:5)
  2 quokka skeletons (D:5)
  11 rats
  3 plants (D:8)
251 creatures vanquished.

Vanquished Creatures (others)
  A crimson imp (D:5)
  A plant (D:8)
2 creatures vanquished.

Grand Total: 253 creatures vanquished

Notes
Turn   | Place    | Note
-------+----------+-------------------------------------------
     0 | D:1      | Gwenloh the Minotaur Berserker began the quest for the Orb.
     0 | D:1      | Reached XP level 1. HP: 19/19 MP: 0/0
   414 | D:1      | Reached XP level 2. HP: 27/27 MP: 1/1
   418 | D:1      | Reached skill level 4 in Axes
  1004 | D:2      | Reached XP level 3. HP: 29/33 MP: 2/2
  1094 | D:2      | Noticed Natasha
  1099 | D:2      | Killed Natasha
  1099 | D:2      | Reached ** piety under Trog
  1158 | D:2      | Found a snail-covered altar of Cheibriados.
  1205 | D:2      | Noticed Natasha
  1213 | D:2      | Killed Natasha
  1213 | D:2      | Reached XP level 4. HP: 28/40 MP: 3/3
  1424 | D:2      | Noticed Natasha
  1438 | D:2      | Killed Natasha
  1438 | D:2      | Reached skill level 5 in Axes
  1872 | D:3      | Reached XP level 5. HP: 47/47 MP: 4/4
  2375 | D:4      | Noticed an ogre
  2383 | D:4      | Killed an ogre
  2383 | D:4      | Reached XP level 6. HP: 55/55 MP: 5/5
  2515 | D:4      | Noticed Sigmund
  2530 | D:4      | Killed Sigmund
  2530 | D:4      | Reached skill level 5 in Fighting
  2530 | D:4      | Reached skill level 6 in Axes
  2637 | D:4      | Reached XP level 7. HP: 61/61 MP: 6/6
  2649 | D:4      | Reached skill level 7 in Axes
  2799 | D:4      | Reached *** piety under Trog
  2877 | D:4      | Reached skill level 5 in Armour
  3153 | D:5      | Entered Level 5 of the Dungeon
  3234 | D:5      | Noticed a two-headed ogre
  3239 | D:5      | HP: 1/62 [two-headed ogre/+0 giant club (29)]
  3413 | D:6      | Found a staircase to the Ecumenical Temple.
  3416 | D:6      | Noticed Menkaure
  3428 | D:6      | Killed Menkaure
  3428 | D:6      | Reached skill level 8 in Axes
  3428 | D:6      | Reached skill level 5 in Dodging
  3428 | D:6      | Reached XP level 8. HP: 40/70 MP: 7/7
  3487 | D:6      | Found a glowing drain.
  3494 | Sewer    | Entered a sewer
  3617 | Sewer    | Found a glowing silver altar of Zin.
  3878 | D:5      | Killed a two-headed ogre
  3878 | D:5      | Reached skill level 9 in Axes
  3993 | D:5      | Noticed Dowan
  3994 | D:5      | Noticed Duvessa
  4000 | D:5      | Reached XP level 9. HP: 67/79 MP: 8/8
  4004 | D:5      | Killed Duvessa
  4012 | D:5      | Killed Dowan
  4216 | D:5      | Noticed Pikel
  4241 | D:5      | Killed Pikel
  4241 | D:5      | Reached skill level 10 in Axes
  4659 | D:6      | You fall into a shaft and drop 3 floors!
  4695 | D:9      | Noticed Joseph
  4712 | D:9      | Killed Joseph
  4712 | D:9      | Reached skill level 11 in Axes
  5261 | D:8      | Noticed a cyan ugly thing
  5283 | D:8      | Killed a cyan ugly thing
  5283 | D:8      | Reached XP level 10. HP: 90/90 MP: 9/9
  5989 | D:6      | Reached **** piety under Trog
  7764 | D:9      | Found Lozo's Magic Scroll Boutique.
  7782 | D:9      | Bought a scroll of identify for 34 gold pieces
  7782 | D:9      | Identified a scroll of acquirement
  7785 | D:9      | Acquired a +0 broad axe of flaming
  7792 | D:9      | Bought a scroll of enchant weapon for 127 gold pieces
  7792 | D:9      | Bought 3 scrolls of identify for 102 gold pieces
  7803 | D:9      | Reached skill level 12 in Axes
  8042 | D:9      | Noticed a two-headed ogre
  8057 | D:9      | Killed a two-headed ogre
  8164 | D:9      | Reached XP level 11. HP: 96/99 MP: 10/10
  8388 | D:9      | Reached skill level 13 in Axes
  8506 | D:9      | Found a staircase to the Lair.
  8531 | Lair:1   | Entered Level 1 of the Lair of Beasts
  8531 | Lair:1   | Found a shadowy altar of Dithmenos.
  8539 | Lair:1   | Reached skill level 10 in Fighting
  8608 | Lair:1   | Found a dark tunnel.
  8617 | Volcano  | Entered a volcano
  8705 | Volcano  | Reached ***** piety under Trog
  8820 | Volcano  | Reached skill level 10 in Armour
  8862 | Volcano  | Found a burning altar of Makhleb.
  8862 | Volcano  | Noticed a red ugly thing
  8862 | Volcano  | Noticed a red ugly thing
  8867 | Volcano  | Killed a purple ugly thing
  8871 | Volcano  | Killed a purple ugly thing
  8914 | Volcano  | Noticed a red ugly thing
  8930 | Volcano  | Killed a red ugly thing
  8930 | Volcano  | Reached skill level 14 in Axes
  8932 | Volcano  | Killed from afar by a molten gargoyle

Illustrated notes

Levels and vault maps discovered:
D:1:      lightli_molten_gateway, layout_basic
D:2:      layout_rooms, nicolae_overflow_crystal_walls, uniq_natasha
D:3:      layout_rooms
D:4:      layout_loops_ring, first_ration, uniq_sigmund
D:5:      layout_basic, corexii_item_surrounded_by_moat, uniq_pikel,
          uniq_duvessa
D:6:      layout_basic, minmay_temple_entry_sparse_star,
          lightli_sewer_entry_pipes, grunt_decor_fettered,
          chequers_serial_rivers_small_b, uniq_menkaure
D:7:      layout_basic
D:8:      layout_rooms, serial_bayou, serial_bayou_lagoon_b,
          serial_bayou_ford_a, serial_bayou_lake_a, serial_bayou_pond_d
D:9:      layout_roguey, erik_lair_dragon, special_room [special_room_bee],
          serial_shops, nicolae_shop_crystal, grunt_pizzeria, uniq_joseph
Lair:1:   layout_cave_shapes, nicolae_volcano_entry_two_sided,
          portal_ice_cave_entry_imps, basic_altar, grunt_megastairs_1,
          infiniplex_staircase_pool
Volcano:  volcano_grotto [vgs_original]

Skill      XL: |  1  2  3  4  5  6  7  8  9 10 11 |
---------------+----------------------------------+-----
Axes           | 4 5 6 8 9 11 12 14 | 14.0
Fighting       | 4 5 6 7 8 9 10 | 10.6
Armour         | 3 4 5 6 8 9 10 | 10.2
Dodging        | 3 4 5 6 7 8 9 |  9.5

Action                   |  1- 3 |  4- 6 |  7- 9 | 10-12 || total
-------------------------+-------+-------+-------+-------++-------
Melee: Hand axe          |    35 |    69 |   289 |    57 ||   450
       Headbutt          |     5 |    13 |    65 |    50 ||   133
       Broad axe         |       |       |       |   145 ||   145
 Fire: Hunting sling     |    52 |    59 |    45 |       ||   156
       Shortbow          |       |       |    39 |    94 ||   133
Invok: Berserk           |       |     4 |     7 |     2 ||    13
       Trog's Hand       |       |     3 |     6 |     4 ||    13
  Use: Scroll            |       |       |     8 |    13 ||    21
       Potion            |       |       |       |     1 ||     1
 Stab: Sleeping          |       |       |     3 |       ||     3
  Eat: Chunk             |     1 |     8 |    19 |    12 ||    40
       Ration            |       |       |       |     1 ||     1
Armor: Leather armour    |     6 |    15 |    13 |       ||    34
       Chain mail        |       |       |    44 |    59 ||   103
Dodge: Dodged            |    28 |    43 |    96 |   191 ||   358
